 Dungeon Crawl Stone Soup version 0.31-a0-232-gb1c03b2570 (webtiles) character file.

Game seed: 16499326112414276034

93 qw the Shooter (level 4, -5/26 HPs)
             Began as a Gargoyle Hexslinger on July 6, 2023.
             Slain by a gnoll
             ... wielding a +0 halberd
              (9 damage)
             ... on level 3 of the Dungeon.
             The game lasted 00:00:56 (1689 turns).

qw the Shooter (Gargoyle Hexslinger)                Turns: 1689, Time: 00:00:57

Health: -5/26      AC:  9    Str: 12    XL:     4   Next: 62%
Magic:  5/5        EV: 10    Int: 13    God:
Gold:   27         SH:  0    Dex: 14    Spells: 4/5 levels left

rFire   . . .        Y - +2 sling
rCold   . . .        (no shield)
rNeg    + . .        f - +0 ring mail
rPois   inf          e - +0 helmet
rElec   +            (no cloak)
rCorr   +            (no gloves)
SInv    +            (no boots)
Will    .....        (no amulet)
Stlth   +            g - ring of see invisible
HPRegen 0.24/turn    d - ring of resist corrosion
MPRegen 0.09/turn

%: no passive effects
@: about to teleport
A: sickness immunity, AC +3, negative energy resistance 1, electricity
resistance, torment resistance 1, petrification resistance
a: no special abilities


You were on level 3 of the Dungeon.
You visited 1 branch of the dungeon, and saw 3 of its levels.

You collected 27 gold pieces.


Innate Abilities, Weirdness & Mutations

You are immune to sickness and miasma.
Your stone body is resilient. (AC +3)
You are immune to poison.
You resist negative energy. (rN+)
You are resistant to electric shocks. (rElec)
You are resistant to unholy torment.
You are immune to petrification.


   Skills:
 - Level 2.0 Fighting
 + Level 4.1 Ranged Weapons
 - Level 1.1 Armour
 - Level 1.5 Dodging
 - Level 1.0 Spellcasting
 - Level 2.6 Hexes


You had 4 spell levels left.
You knew the following spells:

 Your Spells              Type           Power      Damage    Failure   Level
a - Slow                  Hex            28%        N/A       22%         1

Your spell library contained the following spells:

 Spells                   Type           Power      Damage    Failure   Level
 Inner Flame              Hex/Fire       4%         N/A       73%         3
 Portal Projectile        Hex/Tloc       8%         N/A       73%         3
 Cause Fear               Hex            3%         N/A       91%         4

Inventory:

Hand Weapons
 Y - a +2 sling (weapon)
Armour
 b - a +0 pair of gloves
 e - a +0 helmet (worn)
 f - a +0 ring mail (worn)
Jewellery
 d - a ring of resist corrosion (right hand)
 g - a ring of see invisible (left hand)
Scrolls
 a - a scroll of teleportation
 i - a scroll of identify
Potions
 c - a potion of curing
 h - a potion of cancellation
 j - a potion of might {unknown}
 l - a potion of haste

Dungeon Overview and Level Annotations

Branches:
Dungeon (3/15)

Altars:
Hepliaklqana

Annotations:
D:2 1 runed translucent door, Crazy Yiuf


Message History

The gnoll hits you from afar with a +0 halberd.
The gnoll hits you with a +0 flail.
You shoot a sling bullet.
The sling bullet hits the gnoll but does no damage.
The gnoll is severely wounded.
The gnoll hits you from afar with a +0 halberd.
The gnoll closely misses you.
You shoot a sling bullet. The sling bullet hits the gnoll.
You kill the gnoll!
The gnoll completely misses you.
The gnoll hits you from afar with a +0 halberd!
You shoot a sling bullet. The sling bullet hits the gnoll.
The gnoll is moderately wounded.
The gnoll hits you but does no damage.
You shoot a sling bullet.
The sling bullet closely misses the gnoll.
The gnoll barely misses you.
You shoot a sling bullet.
The sling bullet closely misses the gnoll.
The gnoll hits you but does no damage.
You shoot a sling bullet. The sling bullet hits the gnoll.
The gnoll is severely wounded.
The gnoll barely misses you. x2
You shoot a sling bullet.
The sling bullet barely misses the gnoll.
The gnoll hits you but does no damage.
You shoot a sling bullet.
The sling bullet closely misses the gnoll.
The gnoll closely misses you.
You shoot a sling bullet. The sling bullet hits the gnoll.
The gnoll is almost dead.
The gnoll barely misses you. The gnoll hits you but does no damage.
You shoot a sling bullet.
The sling bullet closely misses the gnoll.
The gnoll hits you from afar with a +0 halberd.
1689 ||| READING 2 scrolls of teleportation.
As you read the scroll of teleportation, it crumbles to dust.
You feel strangely unstable.
The gnoll hits you from afar with a +0 halberd!
You die...

.....# ...#.# .....#
.#...# ##.#...#
##..#...# ##..##...#
######........#
###.......###.)@#
##...##....)........# .
..........####..g.#...#
.. ..).......# #....#
#.# ... #.........#
#...## ....#
###.......# ##..##
....# #.......#
#....##.....# #..)....#
#....<......# #########
#....#......#


You could see a gnoll.

Vanquished Creatures
  Robin (D:2)
  A gnoll (D:3)
  An adder (D:2)
  A dart slug (D:1)
  An orc (D:3)
  5 ball pythons
  2 bats
  8 endoplasms
  2 giant cockroaches (D:1)
  8 goblins
  4 hobgoblins
  9 jackals
  2 kobolds
  A quokka (D:1)
  2 frilled lizards
  4 rats
52 creatures vanquished.

Notes
Turn   | Place    | Note
-------+----------+-------------------------------------------
     0 | D:1      | qw the Gargoyle Hexslinger began the quest for the Orb.
     0 | D:1      | Reached XP level 1. HP: 12/12 MP: 2/2
     0 | D:1      | 0 ||| qw: Version: 0.3-a-46-gb1f654a
     0 | D:1      | 0 ||| qw: Game counter: 1970
     0 | D:1      | 0 ||| qw: Melee chars always use a shield: true
     0 | D:1      | 0 ||| qw: God list: Okawaru
     0 | D:1      | 0 ||| qw: Allow faded altars: false
     0 | D:1      | 0 ||| qw: Do Orc after clearing Dungeon:15 true
     0 | D:1      | 0 ||| qw: Do second Lair branch before Depths: true
     0 | D:1      | 0 ||| qw: Lair rune preference: random
     0 | D:1      | 0 ||| qw: Goals: Normal
     0 | D:1      | 0 ||| PLANNING D:1-11
    56 | D:1      | Reached XP level 2. HP: 13/16 MP: 3/3
    93 | D:1      | Reached skill level 3 in Ranged Weapons
   268 | D:1      | Reached XP level 3. HP: 12/21 MP: 4/4
   571 | D:1      | 571 ||| UPGRADING to +0 leather armour.
   581 | D:1      | 581 ||| DROPPING +0 robe.
   582 | D:1      | 582 ||| UPGRADING to +0 ring mail.
   592 | D:1      | 592 ||| DROPPING +0 leather armour.
   606 | D:1      | 606 ||| UPGRADING to ring of see invisible.
   607 | D:1      | 607 ||| READING scroll labelled OCRAXZOKHLU.
   610 | D:1      | 610 ||| READING scroll labelled EWECRA XORYIL.
   657 | D:1      | 657 ||| READING 2 scrolls labelled PUYZEUZ YBRU.
   658 | D:1      | 658 ||| READING scroll labelled YZADOR FIST.
   659 | D:1      | 659 ||| DROPPING scroll of poison.
   782 | D:2      | 782 ||| READING scroll labelled SYLAYNLALU.
   913 | D:2      | 913 ||| FLEEEEING.
   914 | D:2      | 914 ||| FLEEEEING.
   915 | D:2      | 915 ||| FLEEEEING.
   916 | D:2      | 916 ||| FLEEEEING.
   921 | D:2      | 921 ||| FLEEEEING.
   924 | D:2      | 924 ||| FLEEEEING.
   925 | D:2      | 925 ||| FLEEEEING.
   926 | D:2      | 926 ||| FLEEEEING.
   931 | D:2      | 931 ||| FLEEEEING.
   932 | D:2      | 932 ||| FLEEEEING.
   933 | D:2      | 933 ||| FLEEEEING.
   934 | D:2      | 934 ||| FLEEEEING.
   935 | D:2      | 935 ||| FLEEEEING.
   937 | D:2      | Reached XP level 4. HP: 21/26 MP: 5/5
  1020 | D:2      | Noticed Robin
  1023 | D:2      | Reached skill level 4 in Ranged Weapons
  1033 | D:2      | Killed Robin
  1034 | D:2      | Reached skill level 1 in Armour
  1055 | D:2      | Found a hazy altar of Hepliaklqana.
  1464 | D:2      | Found a runed translucent door.
  1465 | D:2      | Noticed Crazy Yiuf
  1594 | D:2      | 1594 ||| UPGRADING to +0 helmet.
  1599 | D:2      | 1599 ||| UPGRADING to ring of resist corrosion.
  1600 | D:2      | 1600 ||| READING 2 scrolls labelled NEGONU RUTAEMO.
  1601 | D:2      | 1601 ||| DRINKING 2 fizzy pink potions.
  1602 | D:2      | 1602 ||| DRINKING 2 sapphire potions.
  1603 | D:2      | 1603 ||| READING 4 scrolls of identify.
  1603 | D:2      | 1603 ||| IDENTIFYING murky silvery potion
  1604 | D:2      | 1604 ||| READING 3 scrolls of identify.
  1604 | D:2      | 1604 ||| IDENTIFYING white potion
  1605 | D:2      | 1605 ||| READING 2 scrolls of identify.
  1605 | D:2      | 1605 ||| IDENTIFYING glowing black potion
  1606 | D:2      | 1606 ||| DROPPING scroll of noise.
  1607 | D:2      | 1607 ||| DROPPING potion of degeneration.
  1608 | D:2      | 1608 ||| DROPPING potion of brilliance.
  1688 | D:3      | HP: 4/26 [gnoll/+0 halberd (6)]
  1689 | D:3      | 1689 ||| READING 2 scrolls of teleportation.
  1689 | D:3      | Slain by a gnoll

Levels and vault maps discovered:
D:1:      lightli_molten_gateway, layout_basic, minmay_tromino_v4_c
D:2:      layout_basic, basic_altar, st_stairs_2, nrook_loot_triangle,
          chequers_serial_rivers_room_b, minmay_fractal_squares_5,
          uniq_crazy_yiuf_cottage, uniq_robin
D:3:      layout_rooms, mainiacjoe_overflow_24_doors, serial_shops,
          nicolae_shop_hallway_stairs

Skill      XL: |  1  2  3  4 |
---------------+-------------+-----
Ranged Weapons | 3 4 |  4.1
Fighting       | 2 |  2.0
Armour         | 1 |  1.1
Dodging        | |  1.5
Spellcasting   | |  1.0
Hexes          | |  2.6

Action                     |  1- 3 |  4- 6 || total
---------------------------+-------+-------++-------
   Fire: Sling             |   144 |    49 ||   193
    Use: Scroll            |     5 |     5 ||    10
         Potion            |       |     2 ||     2
 Armour: Robe              |    27 |       ||    27
         Ring mail         |    20 |    16 ||    36
  Dodge: Dodged            |    75 |    17 ||    92

Table legend:
 A = Non-vault XP
 B = Vault XP
 C = Vault XP percentage of total XP
 D = Non-vault monster count
 E = Vault monster count
 F = Vault count percentage of total count
                 A         B        C        D         E       F
            +---------+---------+-------+---------+---------+-------
      Total |      82 |      52 |  38.8 |      37 |      15 |  28.8
            +---------+---------+-------+---------+---------+-------
        D:1 |      51 |       2 |   3.8 |      26 |       1 |   3.7
        D:2 |      13 |      50 |  79.4 |       8 |      14 |  63.6
        D:3 |      18 |       0 |   0.0 |       3 |       0 |   0.0
            +---------+---------+-------+---------+---------+-------
